 Dungeon Crawl Stone Soup version 0.29-a0-559-g359e09b9d1 (webtiles) character file.

Game seed: 4294072333698761234

26 zxkuqyb the Firebug (level 2, 0/15 HPs)
             Began as a Deep Elf Fire Elementalist on June 10, 2022.
             Slain by an endoplasm (2 damage)
             ... on level 1 of the Dungeon.
             The game lasted 00:04:28 (384 turns).

zxkuqyb the Firebug (Deep Elf Fire Elementalist)     Turns: 384, Time: 00:04:29

Health: 0/15       AC:  2    Str:  5    XL:     2   Next: 89%
Magic:  5/8        EV: 12    Int: 19    God:
Gold:   21         SH:  0    Dex: 15    Spells: 7/8 levels left

rFire   . . .      SeeInvis .   (no weapon)
rCold   . . .      Faith    .   (no shield)
rNeg    . . .      Spirit   .   a - +0 robe
rPois   .          Reflect  .   (no helmet)
rElec   .          Harm     .   (no cloak)
rCorr   .          Rampage  .   (no gloves)
Will    .....                   (no boots)
Stlth   ++........              (no amulet)
HPRegen 0.05/turn               (no ring)
MPRegen 0.11/turn               (no ring)

@: no status effects
A: no striking features
a: no special abilities


You were on level 1 of the Dungeon.
You visited 1 branch of the dungeon, and saw 1 of its levels.

You collected 21 gold pieces.

Inventory:

Armour
 a - a +0 robe (worn)
Jewellery
 d - a ring of ice
Scrolls
 c - a scroll of enchant armour {unknown}
Potions
 b - a potion of magic
 e - a potion of lignification {unknown}


   Skills:
 - Level 2.4 Dodging
 - Level 2.4 Stealth
 + Level 3.5 Spellcasting
 * Level 2.4 Conjurations
 + Level 3.6 Fire Magic


You had 7 spell levels left.
You knew the following spells:

 Your Spells              Type           Power      Damage    Failure   Level
a - Foxfire               Conj/Fire      56%        2x1d6     4%          1

Your spell library contained the following spells:

 Spells                   Type           Power      Damage    Failure   Level
 Scorch                   Fire           34%        2d7       4%          2
 Conjure Flame            Conj/Fire      14%        6-21      13%         3
 Inner Flame              Hex/Fire       10%        N/A       21%         3
 Flame Wave               Conj/Fire      14%        2d6       38%         4


Dungeon Overview and Level Annotations

Branches:
Dungeon (1/15)

Altars:


Message History

You hit the endoplasm.
The endoplasm is lightly wounded.
The endoplasm closely misses you.
You hit the endoplasm.
The endoplasm is moderately wounded.
The endoplasm barely misses you.
You hit the endoplasm but do no damage.
The endoplasm is moderately wounded.
The endoplasm freezes you.
You are frozen.
You barely miss the endoplasm.
The endoplasm is moderately wounded.
The kobold shouts!
The endoplasm completely misses you.
You hit the endoplasm but do no damage.
The endoplasm is moderately wounded.
The endoplasm misses you. The endoplasm attacks as you move away!
The endoplasm closely misses you. The endoplasm attacks as you move away!
The endoplasm hits you.
Casting: Foxfire (safe; 4% risk of failure)
Confirm with . or Enter, or press ? or * to list all spells.
You conjure some foxfire!
The endoplasm hits you.
Casting: Foxfire (safe; 4% risk of failure)
Confirm with . or Enter, or press ? or * to list all spells.
There is not enough space to conjure foxfire!
Your foxfire dissipates!
The endoplasm attacks as you move away! The endoplasm misses you.
Casting: Foxfire (safe; 4% risk of failure)
Confirm with . or Enter, or press ? or * to list all spells.
You conjure some foxfire!
The endoplasm freezes you.
You are frozen.
* * * LOW HITPOINT WARNING * * *
Your foxfire dissipates!
Casting: Foxfire (safe; 4% risk of failure)
Confirm with . or Enter, or press ? or * to list all spells.
You conjure some foxfire!
The endoplasm closely misses you.
Your foxfire dissipates!
The endoplasm attacks as you move away! The endoplasm hits you.
You die...

#.# #.#
#.# #.#
#.# #.#
#.# #.#
#.# #.#
#.###.#
#K##..#
#J##.##
#@##.#
#.##.#
#.##.#
#.#..#
#...##
#####


You could see an endoplasm and a kobold.

Vanquished Creatures
  A gnoll (D:1)
  A dart slug (D:1)
  A bat (D:1)
  2 endoplasms (D:1)
  2 goblins (D:1)
  2 hobgoblins (D:1)
  A quokka (D:1)
  A frilled lizard (D:1)
  2 kobolds (D:1)
13 creatures vanquished.

Vanquished Creatures (others)
  40 foxfires (D:1)
40 creatures vanquished.

Grand Total: 53 creatures vanquished

Notes
Turn   | Place    | Note
-------+----------+-------------------------------------------
     0 | D:1      | zxkuqyb the Deep Elf Fire Elementalist began the quest for
                  | the Orb.
     0 | D:1      | Reached XP level 1. HP: 10/10 MP: 6/6
   159 | D:1      | Reached XP level 2. HP: 15/15 MP: 5/8
   384 | D:1      | Slain by an endoplasm

Illustrated notes

Levels and vault maps discovered:
D:1:      scummos_arrival_forest, layout_basic

Skill      XL: |  1  2 |
---------------+-------+-----
Conjurations   | 2 |  2.4
Dodging        | |  2.4
Stealth        | |  2.4
Spellcasting   | |  3.5
Fire Magic     | |  3.6

Action                   || total
-------------------------++-------
Melee: Unarmed           ||     6
 Cast: Foxfire           ||    29
 Stab: Sleeping          ||     1
Armor: Robe              ||     2
Dodge: Dodged            ||    14

Table legend: (Time is in decaauts)
 A = Elapsed time spent in this place.
 B = Non-inter-level travel time spent in this place.
 C = Inter-level travel time spent in this place.
 D = Time resting spent in this place.
 E = Time spent auto-exploring this place.
 F = Levels seen in this place.
 G = Mean time per level.
                   A        B        C        D        E       F      G
               +--------+--------+--------+--------+--------+-----+--------+
         Total |    384 |    384 |      0 |    170 |     59 |   1 |  384.0 |
       Dungeon |    384 |    384 |      0 |    170 |     59 |   1 |  384.0 |
               +--------+--------+--------+--------+--------+-----+--------+

Top non-repeatable levels by time:
     D:1: 384 daAuts
